 Dungeon Crawl Stone Soup version 0.20-a0-472-g5c05303 (webtiles) character file.

30 Ijustatesigmund the Magician (level 3, -2/28 HPs)
             Began as a Naga Wizard on Jan 14, 2017.
             Slain by a jackal (3 damage)
             ... on level 2 of the Dungeon.
             The game lasted 00:02:45 (990 turns).

Ijustatesigmund the Magician (Naga Wizard)           Turns: 990, Time: 00:02:46

Health: -2/28      AC:  5    Str:  9    XL:     3   Next: 18%
Magic:  0/7        EV: 10    Int: 23    God:
Gold:   30         SH:  0    Dex: 10    Spells: 3/8 levels left

rFire  . . .     SeeInvis +     e - -3 short sword (curse)
rCold  . . .     Gourm    .     a - +0 robe
rNeg   . . .     Faith    .     (no shield)
rPois  +         Spirit   .     b - +0 hat
rElec  .         Reflect  .     (no cloak)
rCorr  .         Harm     .     f - +2 pair of gloves
MR     .....                    (no barding)
Stlth  ++........               i - amulet of rage
                                (no ring)
                                (no ring)

@: brilliant, repel missiles, very slow
A: see invisible, deformed body, poison resistance, slowness 2, slow metabolism
1, spit poison 1, AC +1
a: Spit Poison, Evoke Berserk Rage


You were on level 2 of the Dungeon.
You were not hungry.

You visited 1 branch of the dungeon, and saw 2 of its levels.

You collected 30 gold pieces.

Inventory:

Hand Weapons
 e - a cursed -3 short sword (weapon)
Armour
 a - a +0 robe (worn)
 b - a +0 hat (worn)
 f - a +2 pair of gloves (worn)
Jewellery
 i - an amulet of rage (around neck)
Potions
 h - a potion of flight
Books
 c - a book of Minor Magic

   Spells                             Type                      Level
   a - Magic Dart                     Conjuration                  1
   b - Blink                          Translocation                2
   c - Call Imp                       Summoning                    2
   d - Repel Missiles                 Charms/Air                   2
   e - Slow                           Hexes                        2
   f - Conjure Flame                  Conjuration/Fire             3
   g - Mephitic Cloud                 Conjuration/Poison/Air       3
Comestibles
 d - 4 bread rations


   Skills:
 - Level 1.5 Dodging
 - Level 3.0 Stealth
 + Level 3.2 Spellcasting
 * Level 2.6 Conjurations
   Level 1.0 Summonings
 - Level 1.0 Translocations


You had 3 spell levels left.
You knew the following spells:

 Your Spells              Type           Power        Failure   Level  Hunger
a - Magic Dart            Conj           ####         1%          1    None
b - Blink                 Tloc           N/A          1%          2    ##.....
c - Repel Missiles        Chrm/Air       ###...       2%          2    ##.....


Dungeon Overview and Level Annotations

Branches:
Dungeon (2/15)

Altars:


Innate Abilities, Weirdness & Mutations

You cannot wear boots.
Your serpentine skin is tough. (AC +1)
You have supernaturally acute eyesight. (SInv)
Armour fits poorly on your strangely shaped body.
Your system is resistant to poisons. (rPois)
You cover ground very slowly.
You have a slow metabolism.
You can spit poison.


Message History

The jackal bites you but does no damage. x2
The jackal bites you.
* * * LOW HITPOINT WARNING * * *
The quokka barely misses you. The jackal barely misses you.
You hit the quokka.
The quokka is severely wounded.
The jackal barely misses you. The jackal misses you.
The quokka barely misses you.
The jackal bites you but does no damage. x2
The jackal barely misses you.
You hit the quokka.
The quokka is almost dead.
The jackal bites you.
* * * LOW HITPOINT WARNING * * *
The quokka closely misses you. The jackal completely misses you.
The jackal barely misses you. x2
You barely miss the quokka.
The quokka is almost dead.
The jackal bites you.
You die...

#.## #..# ### #..#
..# #.# ##..###.#
#..## #..!.##.#
..... #>......#
##.... ###...g...#
#...#
#....hrh..###..####
#.##.h@.........[..
..? ######.....####
.# ##.
..........####..##
#
.........<........
##.........†..###
...####.....#..†#
.### #..#....#.#
#...#..#!# .
#...##.#.#


You could see a quokka, 3 jackals and a hobgoblin.

Vanquished Creatures
  2 oozes (D:1)
  A dart slug (D:1)
  4 goblins (D:1)
  A hobgoblin (D:1)
  A jackal (D:2)
  4 bats
  3 frilled lizards (D:1)
  2 kobolds (D:1)
  6 rats
24 creatures vanquished.

Notes
Turn   | Place    | Note
-------+----------+-------------------------------------------
     0 | D:1      | Ijustatesigmund the Naga Wizard began the quest for the Orb.
     0 | D:1      | Reached XP level 1. HP: 15/15 MP: 4/4
   161 | D:1      | Reached XP level 2. HP: 19/22 MP: 0/6
   165 | D:1      | Learned a level 2 spell: Blink
   168 | D:1      | Learned a level 2 spell: Repel Missiles
   632 | D:1      | Reached XP level 3. HP: 28/28 MP: 1/7
   989 | D:2      | HP: 1/28 [jackal (1)]
   990 | D:2      | Slain by a jackal

Vault maps used:
D:1:      lightli_arrival_maybe_door_vault

Skill      XL: |  1 |
---------------+----+-----
Conjurations   | 2 |  2.6
Dodging        | |  1.5
Stealth        | |  3.0
Spellcasting   | |  3.2
Summonings     | |  1.0
Translocations | |  1.0

Action                   || total
-------------------------++-------
Melee: Short sword       ||    23
 Cast: Magic Dart        ||    52
       Repel Missiles    ||     1
       Blink             ||     1
  Use: Scroll            ||     2
       Potion            ||     1
Armor: Robe              ||    28
Dodge: Dodged            ||    46
       Deflected         ||     1
